 Dungeon Crawl Stone Soup version 0.20.1-1-g8b1a95d (webtiles) character file.

62 vatarom the Cudgeler (level 3, -3/29 HPs)
             Began as a Demonspawn Chaos Knight on Sept 6, 2017.
             Slain by a worm (13 damage)
             ... on level 3 of the Dungeon.
             The game lasted 00:05:32 (2130 turns).

vatarom the Cudgeler (Demonspawn Chaos Knight)      Turns: 2130, Time: 00:05:33

Health: -3/29      AC:  8    Str: 12    XL:     3   Next: 85%
Magic:  3/3        EV: 11    Int: 13    God:    Xom [.....*]
Gold:   131        SH:  0    Dex: 13    Spells: 2/2 levels left

rFire    + + .     SeeInvis .   a - +1 mace (chaos)
rCold    x . .     Gourm    .   (no shield)
rNeg     . . .     Faith    .   b - +2 leather armour
rPois    .         Spirit   .   (no helmet)
rElec    .         Reflect  .   f - +1 cloak
rCorr    .         Harm     .   (no gloves)
MR       +....                  (no boots)
Stlth    +.........             (no amulet)
Regen    0.1/turn               h - ring of fire
MPRegen  0.1/turn               i - ring of wizardry

@: no status effects
A: rugged brown scales 1, fire resistance 1, magic resistance 1, powered by pain
1, wild magic 1
a: Renounce Religion


You were on level 3 of the Dungeon.
You worshipped Xom.
You were Xom's teddy bear.
You were not hungry.

You visited 1 branch of the dungeon, and saw 3 of its levels.

You collected 131 gold pieces.

Inventory:

Hand Weapons
 a - a +1 mace of chaos (weapon)
Armour
 b - a +2 leather armour (worn)
 f - a +1 cloak (worn)
Jewellery
 h - a ring of fire (left hand)
 i - a ring of wizardry (right hand)
Scrolls
 g - 3 scrolls of remove curse
Potions
 d - a potion of heal wounds
 e - a potion of haste
 j - a potion of brilliance
Comestibles
 c - 2 bread rations
 m - a meat ration


   Skills:
 + Level 3.4 Fighting
 + Level 4.1 Maces & Flails
 - Level 1.7 Armour
 - Level 0.8 Dodging


You had 2 spell levels left.
You didn't know any spells.

Dungeon Overview and Level Annotations

Branches:
Dungeon (3/15)

Altars:
Okawaru
Zin
The Shining One


Innate Abilities, Weirdness & Mutations

You are partially covered in rugged brown scales. (AC +1, +3% HP)
You sometimes gain a little power by taking damage.
Your flesh is heat resistant. (rF+)
You are resistant to hostile enchantments. (MR+)
Your spells are a little harder to cast, but a little more powerful.


Message History

The worm bites you!
You are too injured to fight recklessly!
You are too injured to fight recklessly!
Found a scroll of identify.
You hit the worm. You freeze the worm.
The worm is severely wounded.
The worm barely misses you.
You hit the worm but do no damage.
The worm is severely wounded.
The worm bites you.
You hit the worm. You freeze the worm.
The worm is almost dead.
The worm bites you but does no damage.
You hit the worm. You freeze the worm.
The worm is almost dead.
The worm bites you. The worm bites you but does no damage.
You hit the worm.
The worm is almost dead.
The worm bites you!
You die...

..%!#.# #....#.####
#.$.......#
#.#..#.##.#
#......##.# ##
...#...%###..?#
#.#.#......#
#....w@# ####.####
... #.......# ..#
#.##.##.# ..# #.#..#
# ..# #....#
..###### #.#.###.#
.......###.......#.
........##...)......


You could see a worm (berserk).

Vanquished Creatures
  An adder (D:2)
  A worm (D:2)
  2 leopard geckos
  2 ball pythons
  7 bats
  3 giant cockroaches
  7 hobgoblins
  3 jackals (D:2)
  5 frilled lizards
  7 goblins
  3 kobolds
  4 rats
45 creatures vanquished.

Notes
Turn   | Place    | Note
-------+----------+-------------------------------------------
     0 | D:1      | vatarom the Demonspawn Chaos Knight began the quest for the Orb.
     0 | D:1      | Reached XP level 1. HP: 18/18 MP: 1/1
   110 | D:1      | Reached skill level 3 in Maces & Flails
   145 | D:1      | Gained mutation: You sometimes gain a little power by taking damage. [demonic ancestry]
   145 | D:1      | Reached XP level 2. HP: 23/24 MP: 2/2
   391 | D:1      | XOM: divination: detect creatures
  1146 | D:2      | Found a glowing silver altar of Zin.
  1154 | D:2      | Gained mutation: You are partially covered in rugged brown scales. (AC +1, +3% HP) [demonic ancestry]
  1154 | D:2      | Reached XP level 3. HP: 24/29 MP: 3/3
  1172 | D:2      | Found an iron altar of Okawaru.
  1803 | D:2      | XOM: give mutations
  1803 | D:2      | Gained mutation: Your flesh is heat resistant. (rF+) [Xom's grace]
  1803 | D:2      | Gained mutation: Your spells are a little harder to cast, but a little more powerful. [Xom's grace]
  1803 | D:2      | Gained mutation: You are resistant to hostile enchantments. (MR+) [Xom's grace]
  1892 | D:2      | Reached skill level 4 in Maces & Flails
  2044 | D:3      | Found a glowing golden altar of the Shining One.
  2130 | D:3      | Slain by a worm

Skill      XL: |  1  2  3 |
---------------+----------+-----
Maces & Flails | 3 4 |  4.1
Fighting       | |  3.4
Armour         | |  1.7
Dodging        | |  0.8

Action                   || total
-------------------------++-------
Melee: Mace              ||   129
  Use: Scroll            ||     8
       Potion            ||     2
 Stab: Paralysed         ||     1
       Sleeping          ||     2
       Invisible         ||     1
  Eat: Chunk             ||     4
Armor: Leather armour    ||    50
Dodge: Dodged            ||    92
